 Dungeon Crawl Stone Soup version 0.30-a0-219-gf2db51d15e (webtiles) character file.

Game seed: 13144989055115612266

1743 Essalna the Ruffian (level 8, -3/71 HPs)
             Began as a Green Draconian Transmuter on Oct 7, 2022.
             Slain by a vampire (4 damage)
             ... on level 6 of the Dungeon.
             The game lasted 00:12:16 (6560 turns).

Essalna the Ruffian (Green Draconian Transmuter)    Turns: 6560, Time: 00:12:16

Health: -3/71      AC:  7    Str: 22    XL:     8   Next: 77%
Magic:  11/11      EV: 16    Int: 13    God:
Gold:   324        SH:  0    Dex: 11    Spells: 6/11 levels left

rFire   . . .      SeeInvis .      - Unarmed
rCold   . . .      Faith    .    (no shield)
rNeg    . . .      Spirit   .    (body armour unavailable)
rPois   +          Reflect  .    (helmet restricted)
rElec   .          Harm     .    (no cloak)
rCorr   .          Rampage  .    (no gloves)
Will    .....                    j - +0 pair of boots
Stlth   +.........               (no amulet)
HPRegen 0.31/turn                n - +4 ring of evasion
MPRegen 0.12/turn                u - +6 ring of strength

@: confused, studying Axes
A: breathe noxious fumes, AC +6, unfitting armour, poison resistance,
cold-blooded
a: Breathe Noxious Fumes


You were on level 6 of the Dungeon.
You visited 1 branch of the dungeon, and saw 7 of its levels.

You collected 324 gold pieces.

Inventory:

Missiles
 b - 6 poisoned darts
 v - a throwing net
Armour
 j - a +0 pair of boots (worn)
Jewellery
 n - a +4 ring of evasion (left hand)
 u - a +6 ring of strength (right hand)
Wands
 h - a wand of roots (7)
 p - a wand of flame (27)
 q - a wand of paralysis (4)
 x - a wand of light (8)
Scrolls
 d - 2 scrolls of identify
 m - 2 scrolls of vulnerability
 r - a scroll of teleportation
 s - 2 scrolls of poison
 y - a scroll of summoning
Potions
 a - 3 potions of lignification
 e - a potion of might {unknown}
 f - a potion of magic {unknown}
 g - 4 potions of curing {unknown}
 i - 2 potions of degeneration {unknown}
 k - 3 potions of attraction {unknown}
 l - 2 potions of flight {unknown}
 o - a potion of brilliance {unknown}
 t - 3 potions of invisibility {unknown}
 w - a potion of cancellation {unknown}


   Skills:
 + Level 6.4 Fighting
 - Level 1.7 Dodging
 + Level 6.9 Unarmed Combat
 - Level 2.0 Spellcasting
 + Level 6.5 Transmutations
 + Level 3.6 Ice Magic


You had 6 spell levels left.
You knew the following spells:

 Your Spells              Type           Power      Damage    Failure   Level
a - Beastly Appendage     Tmut           36%        N/A       1%          1
b - Ice Form              Ice/Tmut       14%        N/A       32%         4

Your spell library contained the following spells:

 Spells                   Type           Power      Damage    Failure   Level
 Wereblood                Tmut           18%        N/A       2%          2
 Spider Form              Tmut/Pois      9%         N/A       21%         3
 Ignite Poison            Fire/Tmut/Pois 6%         N/A       30%         3
 Gell's Gravitas          Tloc           1%         N/A       58%         3
 Lesser Beckoning         Tloc           2%         N/A       58%         3
 Teleport Other           Tloc           1%         N/A       58%         3
 Manifold Assault         Tloc           1%         N/A       94%         4
 Sticky Flame             Conj/Fire      1%         2d3       94%         4
 Dispersal                Tloc           0%         N/A       100%        6
 Disjunction              Tloc           0%         N/A       100%        8
 Ignition                 Fire           0%         3d3       100%        8


Dungeon Overview and Level Annotations

Branches:
Dungeon (7/15)             Temple (0/1) D:7

Altars:
Hepliaklqana
Vehumet
Yredelemnul
The Shining One

Shops:
D:1 *


Innate Abilities, Weirdness & Mutations

You can breathe blasts of noxious fumes.
Your lurid green scales are hard. (AC +6)
You cannot fit into any form of body armour.
Your system is resistant to poisons. (rPois)
You are cold-blooded and may be slowed by cold attacks.


Message History

You hit the vampire.
The vampire is lightly damaged.
The vampire gestures wildly while chanting.
The vampire flickers and vanishes!
Deactivating autopickup; reactivate with Ctrl-A.
You barely miss something. Something hits you but does no damage.
Something bites you!
* * * LOW HITPOINT WARNING * * *
Something draws strength from your injuries!
You're too confused to cast spells.
Okay, then.
Unknown command.
Unknown command.
You're too confused to move!
You hear some strange, mumbled words.
You are more confused.
You bump into the rock wall.
Something hits you!
* * * LOW HITPOINT WARNING * * *
Something barely misses you.
You feel much better. Something barely misses you. Something bites you.
Something draws strength from your injuries!
You bump into the rock wall.
Something barely misses you. Something closely misses you.
Something barely misses you. Something bites you!
Something draws strength from your injuries!
There is a stone staircase leading down here.
You closely miss something. Something hits you.
Something bites you but does no damage.
You bump into the rock wall.
Something barely misses you. Something bites you.
Something draws strength from your injuries!
You bump into the rock wall.
Something hits you.
* * * LOW HITPOINT WARNING * * *
Something closely misses you. Something hits you!
* * * LOW HITPOINT WARNING * * *
Something bites you but does no damage. Something hits you!
* * * LOW HITPOINT WARNING * * *
Something bites you.
You die...

[....♣..P# #.#
#..8P.♣.♣# #.#
....♣.♣.♣♣# #.#
..#..P..♣.# #.#
......♣♣.♣# #.#
_).♣.♣♣P.# #.#
......♣♣P# ##.#
..#♣.....# #>{#
....♣P♣.P## #@##
#....P♣P..#
###.#
....♣♣♣P♣.#
#...#
..♣..♣♣♣♣##
#.### P....P..♣
###.#
♣♣....P♣♣♣##...#
..♣♣......#..###
...♣♣♣♣...#.##
.P..P.♣♣..#.#


There were no monsters in sight!

Vanquished Creatures
  A cyclops (D:6)
  Menkaure (D:4)
  A water moccasin (D:6)
  A sky beast (D:6)
  A black bear (D:6)
  An ogre (D:4)
  A centaur (D:5)
  A phantom (D:4)
  A necrophage (D:6)
  A bullfrog (D:6)
  A scorpion (D:6)
  A jelly (D:6)
  An orc priest (D:6)
  2 hounds
  3 iguanas
  An orc wizard (D:6)
  Robin (D:2)
  11 gnolls
  8 adders
  4 river rats (D:6)
  2 ufetubi (D:5)
  3 dart slugs
  3 orcs
  10 bats
  4 endoplasms
  3 giant cockroaches
  9 goblins
  16 hobgoblins
  10 ball pythons
  2 frilled lizards
  9 kobolds
  5 rats
119 creatures vanquished.

Vanquished Creatures (others)
  38 plants (D:6)
38 creatures vanquished.

Grand Total: 157 creatures vanquished

Notes
Turn   | Place    | Note
-------+----------+-------------------------------------------
     0 | D:1      | Essalna the Draconian Transmuter began the quest for the
                  | Orb.
     0 | D:1      | Reached XP level 1. HP: 16/16 MP: 3/3
   359 | D:1      | Reached XP level 2. HP: 23/23 MP: 5/5
   359 | D:1      | Found a faded altar of an unknown god.
   544 | D:1      | Found Tobleasu's General Store.
  1150 | D:2      | Reached XP level 3. HP: 26/28 MP: 4/6
  1469 | D:2      | Noticed Robin
  1740 | D:3      | Found a hazy altar of Hepliaklqana.
  1838 | D:3      | Reached XP level 4. HP: 7/36 MP: 5/7
  2373 | D:2      | Killed Robin
  3187 | D:5      | Entered Level 5 of the Dungeon
  3195 | D:5      | Reached XP level 5. HP: 25/42 MP: 6/8
  3494 | D:5      | Found a basalt altar of Yredelemnul.
  3595 | D:5      | Noticed a centaur
  3603 | D:5      | Killed a centaur
  3812 | D:5      | Reached XP level 6. HP: 51/51 MP: 7/9
  4025 | D:4      | Reached skill level 5 in Unarmed Combat
  4153 | D:4      | Noticed Menkaure
  4160 | D:4      | Killed Menkaure
  4161 | D:4      | Your scales start taking on a lurid green colour.
  4161 | D:4      | Reached XP level 7. HP: 6/59 MP: 8/10
  4161 | D:4      | Gained mutation: Your system is resistant to poisons.
                  | (rPois) [Green Draconian growth]
  4617 | D:4      | Reached skill level 5 in Transmutations
  4808 | D:5      | Found a glowing golden altar of the Shining One.
  4857 | D:5      | Learned a level 4 spell: Ice Form
  5059 | D:6      | Found a radiant altar of Vehumet.
  5181 | D:6      | Reached skill level 5 in Fighting
  5181 | D:6      | Reached skill level 1 in Ice Magic
  5249 | D:6      | Reached XP level 8. HP: 51/68 MP: 11/11
  6090 | D:6      | Noticed a cyclops
  6119 | D:6      | Killed a cyclops
  6520 | D:7      | Found a staircase to the Ecumenical Temple.
  6560 | D:6      | HP: 1/71 [something (10)]
  6560 | D:6      | Slain by a vampire

Illustrated notes

Levels and vault maps discovered:
D:1:      dpeg_arrival_rooms_c, layout_loops_corners, serial_shops,
          nicolae_shop_crystal, ebering_ecumenical_altar_box
D:2:      layout_basic, uniq_robin
D:3:      layout_loops_ring, mainiacjoe_overflow_brackets
D:4:      minmay_diamond_boxcup, layout_rooms, uniq_menkaure
D:5:      layout_loops_ring, tso_oasis_becter, kennysheep_mini
D:6:      wad_woods_stonehenge, layout_basic, minmay_manual_mullet
D:7:      layout_rooms, lemuel_doored_altar, nemelex_xobeh_ov_fountains_minmay,
          minmay_temple_entry_glass, minmay_bent, uniq_duvessa

Skill      XL: |  1  2  3  4  5  6  7  8 |
---------------+-------------------------+-----
Transmutations | 3 4 5 6 |  6.5
Unarmed Combat | 4 5 6 |  6.9
Fighting       | 2 3 4 5 6 |  6.4
Ice Magic      | 1 3 |  3.6
Dodging        | |  1.7
Spellcasting   | |  2.0

Action                   |  1- 3 |  4- 6 |  7- 9 || total
-------------------------+-------+-------+-------++-------
Melee: Unarmed           |   108 |   113 |   177 ||   398
       Tailslap          |    12 |    20 |    20 ||    52
       Headbutt          |     9 |    24 |    34 ||    67
       Kick              |    10 |    21 |    35 ||    66
       Punch             |     1 |     1 |     7 ||     9
 Cast: Beastly Appendage |    30 |    29 |    23 ||    82
 Abil: Breathe Noxious F |       |       |     2 ||     2
  Use: Scroll            |     2 |     6 |       ||     8
       Potion            |       |       |     2 ||     2
 Stab: Sleeping          |     1 |       |       ||     1
       Confused          |       |       |     1 ||     1
Armor: Skin              |    42 |    32 |    52 ||   126
Dodge: Dodged            |    93 |    82 |   142 ||   317

Table legend: (Time is in decaauts)
 A = Elapsed time spent in this place.
 B = Non-inter-level travel time spent in this place.
 C = Inter-level travel time spent in this place.
 D = Time resting spent in this place.
 E = Time spent auto-exploring this place.
 F = Levels seen in this place.
 G = Mean time per level.
                   A        B        C        D        E       F      G
               +--------+--------+--------+--------+--------+-----+--------+
         Total |   6570 |   6398 |    172 |    100 |   5128 |   7 |  938.6 |
       Dungeon |   6570 |   6398 |    172 |    100 |   5128 |   7 |  938.6 |
               +--------+--------+--------+--------+--------+-----+--------+

Top non-repeatable levels by time:
     D:6: 1532 daAuts
     D:3: 1144 daAuts
     D:5: 1001 daAuts
     D:4: 968 daAuts
     D:1: 963 daAuts
     D:2: 959 daAuts
     D:7: 1 daAuts
